 Dungeon Crawl Stone Soup version 0.28-a0-43-g560ac104fe (webtiles) character file.

Game seed: 15192152026423521819

7355 Spaninq the Covert (level 10, -12/50 HPs)
             Began as a Vampire Enchanter on July 28, 2021.
             Was a Believer of Ashenzari.
             Killed from afar by a rakshasa (24 damage)
             ... with a lance of force
             ... on level 9 of the Dungeon.
             The game lasted 00:35:23 (10140 turns).

Spaninq the Covert (Vampire Enchanter)             Turns: 10140, Time: 00:35:23

Health: -12/50     AC: 10    Str:  7    XL:     10   Next: 91%
Magic:  4/22       EV: 15    Int: 19    God:    Ashenzari [**....]
Gold:   425        SH:  5    Dex: 17    Spells: 17/26 levels left

rFire   . . .      SeeInvis +   i - +3 dagger (venom)
rCold   + + .      Faith    .   (no shield)
rNeg    + + +      Spirit   .   b - +0 robe "Revealing Henotheism" {Comp, Melee} (curse)
rPois   ∞          Reflect  +   (no helmet)
rElec   .          Harm     .   l - +2 cloak of Ashenzari's Seeker {rPois, Melee, Self} (curse)
rCorr   .          Rampage  .   (no gloves)
Will    +....                   t - +0 pair of boots "Enigmatic Orthodoxy" {Bglg, Comp} (curse)
Stlth   ++++++++..              v - amulet of reflection
HPRegen 0.00/turn               u - ring of the Elysian Seer {AC+4, Comp, Cun} (curse)
MPRegen 0.18/turn               (no ring)

@: bloodless, inhibited regen
A: bloodless, fangs 3, see invisible, vampiric 2
a: Bat Form, Revivify, Renounce Religion, Shatter the Chains


You were on level 9 of the Dungeon.
You worshipped Ashenzari.
Ashenzari was pleased with you.
You visited 2 branches of the dungeon, and saw 10 of its levels.

You collected 425 gold pieces.

Inventory:

Hand Weapons
 i - a +3 dagger of venom (weapon)
 p - a +3 dagger
Missiles
 m - a throwing net
Armour
 b - the cursed +0 robe "Revealing Henotheism" (worn) {Comp, Melee}

   It has a curse which improves the following skills: Companions: Summonings
   and Necromancy.
   Melee Combat: Short Blades, Long Blades, Axes, Maces & Flails, Polearms,
   Staves and Unarmed Combat.
 l - the cursed +2 cloak of Ashenzari's Seeker (worn) {rPois, Melee, Self}
   (You took it off Crazy Yiuf on level 2 of the Dungeon)

   It has a curse which improves the following skills: Melee Combat: Short
   Blades, Long Blades, Axes, Maces & Flails, Polearms, Staves and Unarmed
   Combat.
   Introspection: Fighting and Spellcasting.
 t - the cursed +0 pair of boots "Enigmatic Orthodoxy" (worn) {Bglg, Comp}
   (You found it on level 5 of the Dungeon)

   It has a curse which improves the following skills: Beguiling: Conjurations,
   Hexes and Translocations.
   Companions: Summonings and Necromancy.
 D - a +2 robe of fire resistance
Jewellery
 h - a ring of flight
 q - a ring of fire
 u - the cursed ring of the Elysian Seer (left hand) {AC+4, Comp, Cun}
   (You found it on level 5 of the Dungeon)

   [ring of protection]

   AC:        It affects your AC (+4).
   It has a curse which improves the following skills: Companions: Summonings
   and Necromancy.
   Cunning:   Dodging and Stealth.
 v - an amulet of reflection (around neck)
Wands
 k - a wand of polymorph (22)
 x - a wand of flame (7)
 B - a wand of acid (4)
 C - a wand of iceblast (7)
Scrolls
 c - 3 scrolls of teleportation
 g - a scroll of brand weapon
 n - 2 scrolls of fear
 s - 5 scrolls of magic mapping
 w - a scroll of enchant armour
 y - a scroll of amnesia
Potions
 a - 2 potions of flight
 d - 3 potions of heal wounds
 e - 4 potions of curing
 f - a potion of invisibility
 j - a potion of might
 o - a potion of mutation
 r - 3 potions of haste
 z - a potion of brilliance
 A - a potion of cancellation


   Skills:
 + Level 8.4(10.7) Short Blades
 + Level 5.0(6.4) Dodging
 + Level 12.1(13.4) Stealth
 + Level 7.2(8.8) Spellcasting
 + Level 11.4(12.7) Hexes
 - Level 6.0 Ice Magic


You had 17 spell levels left.
You knew the following spells:

 Your Spells              Type           Power      Damage    Failure   Level
a - Freeze                Ice            100%       1d11      1%          1
b - Ensorcelled Hibernat  Hex/Ice        86%        N/A       1%          2
c - Confusing Touch       Hex            54%        N/A       1%          3
d - Tukima's Dance        Hex            54%        N/A       1%          3

Your spell library contained the following spells:

 Spells                   Type           Power      Damage    Failure   Level
 Corona                   Hex            60%        N/A       1%          1
 Dazzling Flash           Conj/Hex       64%        N/A       1%          3
 Frozen Ramparts          Ice            62%        1d8       2%          3
 Sting                    Tmut/Pois      32%        1d4       9%          1
 Wereblood                Tmut           8%         N/A       13%         2
 Stone Arrow              Conj/Erth      16%        3d8       24%         3
 Hailstorm                Conj/Ice       20%        3d6       24%         4
 Bolt of Magma            Conj/Fire/Erth 4%         4d5       92%         5
 Summon Hydra             Summ           4%         N/A       100%        7
 Shatter                  Erth           4%         3d7*      100%        9
 Sublimation of Blood     Necr           Unusable   N/A       N/A         2

Dungeon Overview and Level Annotations

Branches:
Dungeon (9/15)             Temple (1/1) D:4            Lair (0/6) D:9
    Orc: D:9-12

Altars:
Ashenzari
Cheibriados
Dithmenos
Elyvilon
Fedhas
Gozag
Hepliaklqana
Kikubaaqudgha
Makhleb
Nemelex Xobeh
Okawaru
Ru
Sif Muna
Trog
Uskayaw
Vehumet
Wu Jian
Xom
Yredelemnul
Zin
The Shining One

Annotations:
D:4 1 runed translucent door, Dittersdorf's ghost, novice GrFi


Innate Abilities, Weirdness & Mutations

You do not regenerate when monsters are visible.
You are frail without blood (-20% HP).
You can heal yourself when you bite living creatures.
You are immune to poison.
You have razor-sharp teeth.
You have supernaturally acute eyesight. (SInv)
You are afflicted with vampirism and can become a bat while bloodless.


Message History

You feel better.
You stick the orc wizard like a pincushion!!!!
You kill the orc wizard!
Casting: Ensorcelled Hibernation (safe; 1% risk of failure)
Confirm with . or Enter, or press ? or * to list all spells.
Aiming: Ensorcelled Hibernation (safe; 1% risk of failure)
Press: ? - help, Shift-Dir - straight line, f - rakshasa
Aim: a rakshasa, wielding a +0 long sword and wearing a +0 robe (chance to affect: 0%)
The rakshasa resists with almost no effort.
The rakshasa blinks!
Casting: Ensorcelled Hibernation (safe; 1% risk of failure)
Confirm with . or Enter, or press ? or * to list all spells.
Aiming: Ensorcelled Hibernation (safe; 1% risk of failure)
Press: ? - help, Shift-Dir - straight line, f/p - rakshasa
Aim: a rakshasa, wielding a +0 long sword and wearing a +0 robe (chance to affect: 0%)
The rakshasa resists with almost no effort.
A centaur warrior comes into view.
The rakshasa closely misses you.
Casting: Ensorcelled Hibernation (safe; 1% risk of failure)
Confirm with . or Enter, or press ? or * to list all spells.
Aiming: Ensorcelled Hibernation (safe; 1% risk of failure)
Press: ? - help, Shift-Dir - straight line, f - centaur warrior, p - rakshasa
Aim: a centaur warrior, quivering arrows (wandering, hasn't noticed you, chance to affect: 51%)
The centaur warrior resists with some effort.
The centaur warrior wields a +0 longbow.
The centaur warrior shoots an arrow.
The arrow barely misses you.
The arrow barely misses the rakshasa.
The rakshasa misses you.
The centaur warrior shoots an arrow.
The arrow hits you!!
* * * LOW HITPOINT WARNING * * *
Casting: Ensorcelled Hibernation (safe; 1% risk of failure)
Confirm with . or Enter, or press ? or * to list all spells.
Aiming: Ensorcelled Hibernation (safe; 1% risk of failure)
Press: ? - help, Shift-Dir - straight line, f/p - centaur warrior
Aim: a centaur warrior, wielding a +0 longbow and quivering arrows (chance to affect: 51%)
The centaur warrior looks drowsy...
The rakshasa hits you with a +0 long sword.
* * * LOW HITPOINT WARNING * * *
The rakshasa gestures at you. The lance of force hits you!!
You die...

. ....
.)...#..##.########.#
###.#* ####.......# #.#
.#..#########..#### #.#
.....<......... * #.#
..#.#########..,* #.#
###.####...# , ,* #.#
#(#...(.###* ###########.#
#.......#.. #..#........#
#.#.#####..###@c######.###
#.#.# #.R.##.#).....##
#.#.# #...#,,###.#.#.##
#.#.# * #...#∆ #........#
#.>.#
######.##**###.#.#..#
#..####...##..# #.......#
#......(......# #.##.##.#
##.####...##.######.####*
# #.# ##.###........# ,


You could see a rakshasa and a centaur warrior (asleep).

Vanquished Creatures
  Erolcha (D:9)
  2 two-headed ogres
  A cyclops (D:9)
  A troll (D:9)
  A hornet (D:7)
  Grinder (D:3)
  A slime creature (D:7)
  Sigmund (D:6)
  A shadow (D:7)
  A wyvern (D:8)
  A steam dragon (D:7)
  4 water moccasins
  2 ice beasts
  A necrophage (D:4)
  An orc warrior (D:7)
  A black bear (D:8)
  4 ogres
  A centaur (D:9)
  4 bullfrogs
  3 scorpions
  A wyvern zombie (D:8)
  2 water moccasin skeletons
  A killer bee (D:7)
  6 howler monkeys
  3 bullfrog skeletons
  6 centaur zombies
  An orc priest (D:9)
  Crazy Yiuf (D:2)
  4 gnoll shamans
  A hound (D:4)
  8 iguanas
  5 jellies
  Jessica (D:3)
  9 orc wizards
  A killer bee zombie (D:7)
  3 howler monkey skeletons
  20 gnolls
  8 adders
  A white imp (D:7)
  3 ufetubi
  2 dart slugs
  17 orcs
  6 bats
  12 endoplasms
  3 giant cockroaches
  7 goblins
  7 hobgoblins
  9 jackals
  3 quokkas
  7 ball pythons
  7 frilled lizards
  8 kobolds
  5 rats
211 creatures vanquished.

Vanquished Creatures (others)
  6 plants
  2 withered plants (D:4)
8 creatures vanquished.

Grand Total: 219 creatures vanquished

Notes
Turn   | Place    | Note
-------+----------+-------------------------------------------
     0 | D:1      | Spaninq the Vampire Enchanter began the quest for the Orb.
     0 | D:1      | Reached XP level 1. HP: 13/13 MP: 3/3
    77 | D:1      | Learned a level 1 spell: Freeze
   144 | D:1      | Reached XP level 2. HP: 13/15 MP: 0/5
   260 | D:1      | Learned a level 2 spell: Ensorcelled Hibernation
   887 | D:2      | Reached skill level 5 in Stealth
   887 | D:2      | Gained mutation: You are afflicted with vampirism and can
                  | become a bat while bloodless. [Vampire growth]
   887 | D:2      | Reached XP level 3. HP: 12/19 MP: 3/6
  1301 | D:2      | Reached skill level 1 in Ice Magic
  1352 | D:2      | Reached skill level 5 in Hexes
  1681 | D:2      | Found a runed translucent door.
  1682 | D:2      | Noticed Crazy Yiuf
  1691 | D:2      | Killed Crazy Yiuf
  1692 | D:2      | Reached XP level 4. HP: 24/24 MP: 7/7
  1794 | D:2      | Learned a level 3 spell: Confusing Touch
  2200 | D:3      | Found a faded altar of an unknown god.
  2448 | D:3      | Noticed Grinder
  2506 | D:3      | Killed Grinder
  2507 | D:3      | Reached skill level 6 in Stealth
  2507 | D:3      | Reached XP level 5. HP: 6/28 MP: 2/9
  2507 | D:3      | Reached XP level 6. HP: 7/32 MP: 2/10
  2786 | D:3      | Noticed Jessica
  2793 | D:3      | Killed Jessica
  3024 | D:4      | Found a runed translucent door.
  3026 | D:4      | Noticed Dittersdorf's ghost (novice GrFi)
  3061 | D:4      | Found a staircase to the Ecumenical Temple.
  3086 | Temple   | Entered the Ecumenical Temple
  3219 | Temple   | Became a worshipper of Ashenzari the Shackled
  3353 | D:4      | Found a sacrificial altar of Ru.
  3668 | D:4      | Reached XP level 7. HP: 32/36 MP: 0/12
  3802 | D:4      | Reached skill level 7 in Stealth
  4038 | D:4      | Found a shimmering blue altar of Sif Muna.
  4284 | D:4      | Identified Sif Muna's Volume of Contamination
  4393 | D:5      | Entered Level 5 of the Dungeon
  4436 | D:5      | Learned a level 3 spell: Tukima's Dance
  4913 | D:5      | Reached XP level 8. HP: 41/41 MP: 15/15
  5124 | D:6      | Noticed a two-headed ogre
  5126 | D:6      | Reached skill level 8 in Stealth
  5132 | D:6      | Killed a two-headed ogre
  5133 | D:6      | Reached skill level 5 in Short Blades
  5133 | D:6      | Reached skill level 9 in Stealth
  5133 | D:6      | Reached skill level 5 in Spellcasting
  5388 | D:6      | Reached skill level 5 in Ice Magic
  5388 | D:6      | Reached XP level 9. HP: 45/45 MP: 17/17
  5621 | D:6      | Reached * piety under Ashenzari
  5987 | D:6      | Identified the +3 leather armour of the Everdark {rPois
                  | rC++ Will-}
  6043 | D:6      | Noticed Sigmund
  6045 | D:6      | Killed Sigmund
  6144 | D:7      | Found an iron altar of Okawaru.
  6144 | D:7      | Found a shadowy altar of Dithmenos.
  6427 | D:7      | Reached skill level 10 in Stealth
  7018 | D:7      | Noticed a two-headed ogre
  7253 | D:7      | Reached skill level 10 in Hexes
  7463 | D:7      | Reached ** piety under Ashenzari
  7506 | D:7      | Reached XP level 10. HP: 50/50 MP: 21/21
  7691 | D:8      | Reached skill level 11 in Stealth
  8197 | D:7      | Killed a two-headed ogre
  8374 | D:7      | Found an iron altar of Okawaru.
  8376 | D:7      | Found a shadowy altar of Dithmenos.
  9200 | D:8      | Found a radiant altar of Vehumet.
  9861 | D:9      | Noticed Erolcha
  9869 | D:9      | Killed Erolcha
  9878 | D:9      | Found a snail-covered altar of Cheibriados.
  9933 | D:9      | Found a staircase to the Lair.
  9962 | D:9      | Reached skill level 12 in Stealth
 10067 | D:9      | Noticed a centaur warrior
 10126 | D:9      | Noticed a cyclops
 10132 | D:9      | Noticed a rakshasa
 10133 | D:9      | Killed a cyclops
 10134 | D:9      | Reached skill level 5 in Dodging
 10137 | D:9      | Noticed a centaur warrior
 10140 | D:9      | Killed from afar by a rakshasa

Illustrated notes

Levels and vault maps discovered:
D:1:      lightli_arrival_windingriver, layout_basic, minmay_pentomino_q4
D:2:      layout_basic, hex_intersection, minmay_close_crescents,
          uniq_crazy_yiuf_cottage
D:3:      layout_basic, chequers_ecumenical_altar_simple, lemuel_another_geyser,
          uniq_grinder, uniq_jessica
D:4:      layout_basic, nicolae_ru_path_of_blood, led_sif_book,
          minmay_temple_entry_gardened_gates, gammafunk_ghost_grave,
          minmay_fractal_squares_5
D:5:      layout_loops_cross
D:6:      layout_loops_corners, serial_bayou_pond_b,
          minmay_a_box_with_orc_wizards_in_it, uniq_sigmund
D:7:      nzn_winding_woodlands_medium [nzn_winding_woodlands_5x5_perimeter,
          nzn_winding_woodlands_5x15_pool, nzn_winding_woodlands_5x5_cross,
          nzn_winding_woodlands_5x5_open_star,
          nzn_winding_woodlands_center_lodge,
          nzn_winding_woodlands_5x5_closed_star,
          nzn_winding_woodlands_5x5_checkerboard,
          nzn_winding_woodlands_5x15_zeroes, nzn_winding_woodlands_hourglass],
          layout_cave_pods, gammafunk_temple_overflow_forgotten
D:8:      layout_loops_ring, nicolae_vehumet_altar_sigil,
          minmay_misc_feat_diagonals
D:9:      minmay_blocky_corners, layout_loops_ring,
          mainiacjoe_overflow_concentric_impassable, lair_entry_dummy,
          onia_ninara_dug_in_and_dangerous, uniq_prince_ribbit1, uniq_psyche,
          uniq_erolcha
Temple:   nicolae_temple_great_sept

Skill      XL: |  1  2  3  4  5  6  7  8  9 10 |
---------------+-------------------------------+-----
Stealth        | 5 6 7 9 10 12 | 12.1
Short Blades   | 2 3 4 5 7 8 |  8.4
Ice Magic      | 1 2 3 5 6 |  6.0
Hexes          | 5 6 7 8 10 11 | 11.4
Spellcasting   | 3 4 5 6 7 |  7.2
Dodging        | 5 |  5.0

Action                   |  1- 3 |  4- 6 |  7- 9 | 10-12 || total
-------------------------+-------+-------+-------+-------++-------
Melee: Dagger            |    82 |    68 |   146 |   114 ||   410
       Bite              |     3 |     3 |    10 |     6 ||    22
 Cast: Freeze            |    10 |       |       |       ||    10
       Ensorcelled Hiber |    14 |    32 |    57 |    54 ||   157
       Confusing Touch   |       |     4 |     8 |     4 ||    16
Invok: Curse Item        |       |       |     3 |     1 ||     4
 Abil: Exsanguinate      |     1 |       |       |       ||     1
  Use: Potion            |       |     1 |       |       ||     1
       Scroll            |       |       |     1 |       ||     1
 Stab: Sleeping          |    20 |    38 |    66 |    39 ||   163
       Confused          |       |     1 |     8 |     4 ||    13
       Distracted        |       |     1 |       |       ||     1
Armor: Robe              |    13 |     3 |    26 |    25 ||    67
Dodge: Dodged            |    51 |    13 |    55 |    46 ||   165
Block: Other             |       |       |    13 |    17 ||    30

Table legend: (Time is in decaauts)
 A = Elapsed time spent in this place.
 B = Non-inter-level travel time spent in this place.
 C = Inter-level travel time spent in this place.
 D = Time resting spent in this place.
 E = Time spent auto-exploring this place.
 F = Levels seen in this place.
 G = Mean time per level.
                   A        B        C        D        E       F      G
               +--------+--------+--------+--------+--------+-----+--------+
         Total |  10021 |   9730 |    291 |   1888 |   5684 |  10 | 1002.1 |
       Dungeon |   9877 |   9586 |    291 |   1888 |   5576 |   9 | 1097.4 |
        Temple |    143 |    143 |      0 |      0 |    108 |   1 |  143.0 |
               +--------+--------+--------+--------+--------+-----+--------+

Top non-repeatable levels by time:
     D:7: 2667 daAuts
     D:2: 1283 daAuts
     D:4: 1269 daAuts
     D:6: 1050 daAuts
     D:1: 852 daAuts
     D:8: 824 daAuts
     D:3: 821 daAuts
     D:5: 666 daAuts
     D:9: 440 daAuts
  Temple: 143 daAuts
